 Dungeon Sprint DCSS version 0.17.1-2-g5865329 (webtiles) character file.

6923 hexophile the Fencer (level 11, -2/110 (112) HPs)
             Began as a Ghoul Berserker on Jan 27, 2016.
             Was a Priest of Makhleb.
             Killed from afar by a catoblepas (7 damage)
             ... with a blast of calcifying dust
             ... in the Dungeon (Sprint IX: "|||||||||||||||||||||||||||||").
             The game lasted 00:04:42 (1616 turns).

hexophile the Fencer (Ghoul Berserker)              Turns: 1616, Time: 00:04:42

HP:   -2/110 (112)  AC: 13    Str: 21    XL:     11   Next: 7%
MP:   3/3           EV: 14    Int:  3    God:    Makhleb [***...]
Gold: 0             SH:  0    Dex: 11    Spells: 0 memorised, 10 levels left

rFire  . . .     SeeInvis .     b - +6 triple sword (antimagic)
rCold  + . .     Clarity  .     p - +2 ring mail
rNeg   + + +     SustAt   .     (shield currently unavailable)
rPois  ∞         Gourm    .     (no helmet)
rElec  .         Spirit   .     m - +0 cloak
rCorr  .         Warding  .     a - +0 pair of gloves
rMut   .         NoTele   +     (no boots)
MR     .....                    (no amulet)
Stlth  +.........               (no ring)
                                n - +2 ring of protection

@: very slightly contaminated, rotting, not resistant to hostile enchantments,
very unstealthy
A: rotting body, claws 1, carnivore 3, cold resistance 1, negative energy
resistance 3, slow regeneration 1, torment resistance, unbreathing
a: Minor Destruction, Lesser Servant of Makhleb, Renounce Religion


You were in the Dungeon.
You worshipped Makhleb.
Makhleb was most pleased with you.
You were not hungry.

You visited 1 branch


Innate Abilities, Weirdness & Mutations

Your body is rotting away.
You thrive on raw meat.
You are immune to poison.
You have sharp fingernails.
You are carnivorous and can eat meat at any time.
Your flesh is cold resistant.
You are immune to negative energy.
You regenerate slowly when monsters are visible.
You are immune to unholy pain and torment.
You can survive without breathing.

Inventory:

Hand Weapons
 b - a +6 antimagic triple sword (weapon)
 l - a +2 scimitar of flaming
Missiles
 u - 3 needles of frenzy
Armour
 a - a +0 pair of gloves (worn)
 m - a +0 cloak (worn)
 p - a +2 ring mail (worn)
Jewellery
 n - a +2 ring of protection (left hand)
Wands
 k - a wand of draining (4)
Scrolls
 i - 3 scrolls of remove curse
 r - 3 scrolls of fear
 s - a scroll of fog
 t - 2 scrolls of enchant armour
Potions
 d - 6 potions of curing
 e - a potion of invisibility
 g - 4 potions of magic
 h - a potion of berserk rage
 o - a potion of haste
Comestibles
 c - a meat ration


You had 10 spell levels left.
You didn't know any spells.


   Skills:
 * Level 15.1 Fighting
 * Level 16.2 Long Blades
 * Level 8.3 Armour
 * Level 8.2 Dodging

Dungeon Overview and Level Annotations

Branches:
Dungeon (1/1)

Altars:
Cheibriados
Dithmenos
Elyvilon
Fedhas
Gozag
Kikubaaqudgha
Makhleb
Nemelex Xobeh
Okawaru
Qazlal
Ru
Sif Muna
Trog
Vehumet
Xom
Yredelemnul
Zin
The Shining One
Beogh
Jiyva
Lugonu

Vault maps used:
D:        linesprint
There     were no monsters in sight!


Message History

You lost 15 HP.
You have now: 64/111 HP.
Your ring mail prevents you from hitting the catoblepas.
The catoblepas is moderately wounded.
You are engulfed in calcifying dust.
The catoblepas breathes a plume of calcifying dust at you.
The blast of calcifying dust hits you!
The catoblepas breathes a plume of calcifying dust at you.
The blast of calcifying dust hits you!
Your limbs are stiffening.
You slice the catoblepas!!
The catoblepas is heavily wounded.
You are engulfed in calcifying dust.
Your limbs have turned to stone.
The catoblepas breathes a plume of calcifying dust at you.
The blast of calcifying dust hits you!
You have turned to stone.
The catoblepas gores you! The catoblepas gores you!!
* * * LOW HITPOINT WARNING * * *
The catoblepas gores you!
* * * LOW HITPOINT WARNING * * *
The catoblepas gores you!
* * * LOW HITPOINT WARNING * * *
The catoblepas breathes a plume of calcifying dust at you.
The blast of calcifying dust hits you!
* * * LOW HITPOINT WARNING * * *
You are engulfed in calcifying dust.
The catoblepas breathes a plume of calcifying dust at you.
The blast of calcifying dust hits you!
You are engulfed in calcifying dust.
The catoblepas gores you!!
* * * LOW HITPOINT WARNING * * *
You are engulfed in calcifying dust.
The catoblepas gores you!!
* * * LOW HITPOINT WARNING * * *
You turn to flesh and can move again. !MASSIVE DAMAGE!
YOU LOST 61 HP!
You have now: 3/111 HP.
Unknown command.
Unknown command.
Unknown command.
Read which item? (? for menu, Esc to quit)
Blink to where?
Press: ? - help, Dir - move target cursor You are very lightly contaminated with residual magic.
As you read the scroll of blinking, it crumbles to dust.
Unknown command.
Unknown command.
Really walk into that cloud of calcifying dust?
You are engulfed in calcifying dust.
Unknown command.
You feel your flesh rotting away.
The catoblepas breathes a plume of calcifying dust at you.
The blast of calcifying dust hits you!
You die...

Action                   |  1- 3 |  4- 6 |  7- 9 | 10-12 || total
-------------------------+-------+-------+-------+-------++-------
Melee: Falchion          |    28 |     8 |       |       ||    36
       Scimitar          |       |    14 |   102 |    25 ||   141
       Triple sword      |       |       |       |    49 ||    49
Invok: Trog's Hand       |       |     2 |     3 |     2 ||     7
Evoke: Wand              |       |     3 |       |       ||     3
  Use: Potion            |     2 |       |       |     6 ||     8
       Scroll            |       |     1 |       |     3 ||     4
 Stab: Petrifying        |       |       |       |     1 ||     1
       Petrified         |       |       |       |     1 ||     1
  Eat: Chunk             |     1 |       |       |     3 ||     4

Notes
Turn   | Place    | Note
--------------------------------------------------------------
     0 | D        | hexophile the Ghoul Berserker began the quest for the Orb.
     0 | D        | Reached XP level 1. HP: 19/19 MP: 0/0
    13 | D        | Reached skill level 3 in Long Blades
    16 | D        | Reached ** piety under Trog
    16 | D        | Reached skill level 4 in Long Blades
    21 | D        | Reached XP level 2. HP: 20/26 MP: 1/1
    49 | D        | Noticed a centaur
    49 | D        | Noticed an ice beast
    64 | D        | Killed a centaur
    64 | D        | Reached *** piety under Trog
    64 | D        | Reached skill level 6 in Fighting
    64 | D        | Reached skill level 7 in Long Blades
    64 | D        | Reached XP level 3. HP: 24/37 MP: 2/2
    64 | D        | Reached XP level 4. HP: 28/44 MP: 3/3
    78 | D        | Found a glowing silver altar of Zin.
    78 | D        | Found a glowing golden altar of the Shining One.
    78 | D        | Found an ancient bone altar of Kikubaaqudgha.
    78 | D        | Found a basalt altar of Yredelemnul.
    78 | D        | Found a shimmering altar of Xom.
    78 | D        | Found a radiant altar of Vehumet.
    79 | D        | Found an iron altar of Okawaru.
    80 | D        | Found a burning altar of Makhleb.
    82 | D        | Found a deep blue altar of Sif Muna.
    83 | D        | Found a bloodstained altar of Trog.
    84 | D        | Found a sparkling altar of Nemelex Xobeh.
    85 | D        | Found a white marble altar of Elyvilon.
    86 | D        | Found a roughly hewn altar of Beogh.
    87 | D        | Found a viscous altar of Jiyva.
   102 | D        | Found a corrupted altar of Lugonu.
   103 | D        | Found a blossoming altar of Fedhas.
   104 | D        | Found a snail-covered altar of Cheibriados.
   105 | D        | Found a shadowy altar of Dithmenos.
   106 | D        | Found a stormy altar of Qazlal.
   109 | D        | Found an opulent altar of Gozag.
   110 | D        | Found a sacrificial altar of Ru.
   285 | D        | Killed an ice beast
   285 | D        | Reached skill level 7 in Fighting
   285 | D        | Reached skill level 9 in Long Blades
   285 | D        | Reached XP level 5. HP: 44/52 MP: 4/4
   318 | D        | Noticed an orc warrior
   318 | D        | Noticed a hill giant
   318 | D        | Noticed a jelly
   318 | D        | Noticed a sky beast
   318 | D        | Noticed a crimson imp
   318 | D        | Noticed a killer bee
   321 | D        | Killed a jelly
   321 | D        | Reached **** piety under Trog
   329 | D        | Killed a hill giant
   329 | D        | Reached skill level 10 in Fighting
   329 | D        | Reached skill level 12 in Long Blades
   329 | D        | Reached XP level 6. HP: 26/67 MP: 5/5
   329 | D        | Reached XP level 7. HP: 28/73 MP: 6/6
   333 | D        | Killed an orc warrior
   335 | D        | Killed a sky beast
   335 | D        | Reached XP level 8. HP: 29/81 MP: 7/7
   337 | D        | Killed a killer bee
   337 | D        | Reached skill level 11 in Fighting
   353 | D        | Killed a crimson imp
   353 | D        | Reached ***** piety under Trog
   353 | D        | Reached skill level 13 in Long Blades
   477 | D        | Noticed a wasp
   477 | D        | Noticed a centaur warrior
   477 | D        | Noticed a mottled dragon
   487 | D        | Killed a centaur warrior
   487 | D        | Reached skill level 12 in Fighting
   487 | D        | Reached skill level 14 in Long Blades
   499 | D        | Killed a wasp
   499 | D        | Reached XP level 9. HP: 61/91 MP: 8/8
   501 | D        | Killed a mottled dragon
   502 | D        | Received a gift from Trog
   611 | D        | Noticed Eustachio
   630 | D        | Killed Eustachio
   630 | D        | Reached skill level 2 in Armour
   630 | D        | Reached skill level 2 in Dodging
   706 | D        | Noticed an iguana
   706 | D        | Noticed a spiny frog
   706 | D        | Noticed a water moccasin
   706 | D        | Noticed a water moccasin
   706 | D        | Noticed a water moccasin
   706 | D        | Noticed a crocodile
   707 | D        | Killed an iguana
   708 | D        | Noticed a basilisk
   710 | D        | Noticed a water moccasin
   715 | D        | Killed a spiny frog
   715 | D        | Reached skill level 3 in Armour
   715 | D        | Reached skill level 3 in Dodging
   724 | D        | Noticed a porcupine
   725 | D        | Killed a water moccasin
   725 | D        | Reached skill level 13 in Fighting
   727 | D        | Killed a water moccasin
   727 | D        | Received a gift from Trog
   730 | D        | Killed a water moccasin
   730 | D        | Reached ****** piety under Trog
   730 | D        | Reached skill level 15 in Long Blades
   730 | D        | Reached skill level 4 in Armour
   730 | D        | Reached skill level 4 in Dodging
   734 | D        | Killed a crocodile
   737 | D        | Killed a basilisk
   743 | D        | Killed a water moccasin
   745 | D        | Killed a porcupine
   884 | D        | Noticed a water moccasin
   884 | D        | Noticed a komodo dragon
   884 | D        | Noticed a yak
   884 | D        | Noticed a hippogriff
   884 | D        | Noticed a porcupine
   884 | D        | Noticed an eight-headed hydra
   887 | D        | Killed a water moccasin
   887 | D        | Reached skill level 5 in Armour
   891 | D        | Noticed a hippogriff
   892 | D        | Noticed a crocodile
   896 | D        | Killed a komodo dragon
   896 | D        | Received a gift from Trog
   896 | D        | Reached skill level 5 in Dodging
   896 | D        | Reached XP level 10. HP: 46/100 MP: 9/9
   962 | D        | Killed a two-headed hydra
   962 | D        | Reached skill level 14 in Fighting
   962 | D        | Reached skill level 6 in Armour
   962 | D        | Reached skill level 6 in Dodging
   970 | D        | Killed a yak
   970 | D        | Received a gift from Trog
   976 | D        | Killed a hippogriff
   980 | D        | Killed a porcupine
  1098 | D        | Fell from the grace of Trog
  1098 | D        | Became a worshipper of Makhleb the Destroyer
  1226 | D        | Noticed a porcupine
  1226 | D        | Killed a hippogriff
  1234 | D        | Killed a crocodile
  1234 | D        | Reached * piety under Makhleb
  1237 | D        | Killed a porcupine
  1276 | D        | Noticed a catoblepas
  1276 | D        | Noticed a death yak
  1276 | D        | Noticed a yak
  1276 | D        | Noticed a catoblepas
  1276 | D        | Noticed a catoblepas
  1276 | D        | Noticed a catoblepas
  1281 | D        | Noticed a death yak
  1281 | D        | Killed a catoblepas
  1281 | D        | Reached skill level 7 in Armour
  1281 | D        | Reached skill level 7 in Dodging
  1287 | D        | Noticed a yak
  1317 | D        | Killed a death yak
  1317 | D        | Reached ** piety under Makhleb
  1317 | D        | Reached skill level 16 in Long Blades
  1321 | D        | Killed a catoblepas
  1321 | D        | Reached skill level 15 in Fighting
  1321 | D        | Reached skill level 8 in Armour
  1321 | D        | Reached skill level 8 in Dodging
  1321 | D        | Reached XP level 11. HP: 44/112 MP: 3/10
  1352 | D        | Killed a catoblepas
  1352 | D        | Reached *** piety under Makhleb
  1607 | D        | HP: 3/111 [catoblepas (15)]
  1616 | D        | Killed from afar by a catoblepas

Table legend:
 A = Turns spent in this place as a percentage of turns spent in the entire game.
 B = Non-inter-level travel turns spent in this place as a percentage of non-inter-level travel turns spent in the entire game.
 C = Inter-level travel turns spent in this place as a percentage of turns spent in this place.
 D = Turns resting spent in this place as a percentage of non-inter-level travel turns spent in this place.
 E = Turns spent auto-exploring this place as a percentage of non-inter-level travel turns spent in this place.
 F = Non-inter-level travel turns spent in this place divided by the number of levels of this place that you've seen.
                   A       B       C       D       E      F
               +-------+-------+-------+-------+-------+----------------------
         Total | 100.0 | 100.0 |   0.3 |   3.2 |   0.4 | 776.0
       Dungeon | 100.0 | 100.0 |   0.3 |   3.2 |   0.4 | 776.0
               +-------+-------+-------+-------+-------+----------------------

Table legend:
 A = Kills in this place as a percentage of kills in entire the game.
 B = Kills by you in this place as a percentage of kills by you in the entire game.
 C = Kills by friends in this place as a percentage of kills by friends in the entire game.
 D = Other kills in this place as a percentage of other kills in the entire game.
 E = Experience gained in this place as a percentage of experience gained in the entire game.
 F = Experience gained in this place divided by the number of levels of this place that you have seen.
                   A       B       C       D       E      F
               +-------+-------+-------+-------+-------+----------------------
         Total | 100.0 | 100.0 |  -nan |  -nan | 100.0 | 9890.0
       Dungeon | 100.0 | 100.0 |  -nan |  -nan | 100.0 | 9890.0
               +-------+-------+-------+-------+-------+----------------------

Vanquished Creatures
  A hydra (D)
  3 catoblepae (D)
  A centaur warrior (D)
  A death yak (D)
  A hill giant (D)
  A komodo dragon (D)
  A spiny frog (D)
  A yak (D)
  2 hippogriffs (D)
  A basilisk (D)
  Eustachio (D)
  A mottled dragon (D)
  An orc warrior (D)
  5 water moccasins (D)
  An ice beast (D)
  A centaur (D)
  A sky beast (D)
  3 porcupines (D)
  A wasp (D)
  2 crocodiles (D)
  A killer bee (D)
  A crimson imp (D)
  An iguana (D)
  A jelly (D)
  2 shadow imps (D)
  A giant gecko (D)
  An orc (D)
  2 ball pythons (D)
  A bat skeleton (D)
  2 goblins (D)
  A quokka (D)
  A rat (D)
45 creatures vanquished.
